 Dungeon Crawl Stone Soup version 0.24-a0-530-g18ba70b503 (webtiles) character file.

Game seed: 13853583249520429280

15861 DasRunzen the Commander (level 12, 0/94 HPs)
             Began as a Demonspawn Fighter on Aug 8, 2019.
             Was a High Priest of Okawaru.
             Slain by a polar bear (13 damage)
             ... in an ice cave.
             The game lasted 00:29:40 (12546 turns).

DasRunzen the Commander (Demonspawn Fighter)       Turns: 12546, Time: 00:29:40

Health: 0/94       AC: 34    Str: 19    XL:     12   Next: 5%
Magic:  17/19      EV: 11    Int: 11    God:    Okawaru [*****.]
Gold:   693        SH: 17    Dex: 14    Spells: 11/11 levels left

rFire    . . .     SeeInvis +   J - +0 broad axe (vamp)
rCold    + + .     Gourm    .   c - +4 shield
rNeg     . . .     Faith    .   v - +9 scales of the Dragon King {rPois rF+ rC+ MR+}
rPois    +         Spirit   .   B - +0 helmet
rElec    .         Reflect  .   h - +2 cloak
rCorr    .         Harm     .   (no gloves)
MR       +....                  H - +0 pair of boots {Fly}
Stlth    ..........             (no amulet)
HPRegen  0.25/turn              y - ring of ice
MPRegen  0.16/turn              r - ring of see invisible

@: heroism, flying
A: hooves 1, repulsion field 2, demonic guardian 1, powered by pain 2
a: Heroism, Finesse, Renounce Religion, Stop Flying


You were in an ice cave.
You worshipped Okawaru.
Okawaru was extremely pleased with you.
You were not hungry.

You visited 2 branches of the dungeon, and saw 12 of its levels.
You also visited: Ice Cave.

You collected 693 gold pieces.

Inventory:

Hand Weapons
 a - a +3 war axe
 C - a +0 trident of flaming
 F - a +2 hand axe of flaming
 J - a +0 vampiric broad axe (weapon)
Armour
 c - a +4 shield (worn)
 h - a +2 cloak (worn)
 v - the +9 scales of the Dragon King (worn) {rPois rF+ rC+ MR+}
   (You found it on level 5 of the Dungeon)

   It protects you from fire.
   It protects you from cold.
   It protects you from poison.
   It affects your resistance to hostile enchantments.
 A - a +0 pair of boots
 B - a +0 helmet (worn)
 H - a +0 pair of boots of flying (worn)
Jewellery
 n - an uncursed ring of fire
 r - a ring of see invisible (right hand)
 y - a ring of ice (left hand)
Wands
 l - a wand of disintegration (28)
 o - a wand of enslavement (9)
 p - a wand of flame (57)
 z - a wand of random effects (22)
 D - a wand of polymorph (5)
 E - a wand of iceblast (2)
 I - a wand of scattershot (3)
Scrolls
 e - 9 scrolls of identify
 i - a scroll of amnesia
 k - 4 scrolls of teleportation
 m - 8 scrolls of remove curse
 q - 2 scrolls of magic mapping
 w - 3 scrolls of blinking
Potions
 b - 2 potions of agility
 d - 2 potions of might
 g - 4 potions of ambrosia
 j - 3 potions of haste
 s - 6 potions of flight
 t - a potion of invisibility
 u - a potion of curing
 G - a potion of cancellation {unknown}
 L - a potion of resistance {unknown}
 M - 2 potions of mutation {unknown}
Comestibles
 f - 24 rations


   Skills:
 + Level 8.9(13.9) Fighting
 + Level 7.8(12.8) Axes
 + Level 8.0(13.0) Armour
 + Level 7.3(12.3) Dodging
 + Level 8.2(13.2) Shields
 + Level 9.7 Invocations


You had 11 spell levels left.
You didn't know any spells.
Your spell library contained the following spells:

 Spells                   Type           Power        Failure   Level  Hunger
 Corona                   Hex            #......      100%        1    ##.....
 Magic Dart               Conj           #...         100%        1    ##.....
 Shock                    Conj/Air       #...         100%        1    ##.....
 Blink                    Tloc           N/A          100%        2    ###....
 Call Imp                 Summ           #.......     100%        2    ###....
 Ensorcelled Hibernation  Hex/Ice        #.....       100%        2    ###....
 Slow                     Hex            #.......     100%        2    ###....
 Swiftness                Chrm/Air       #.......     100%        2    ###....
 Confuse                  Hex            #.......     100%        3    ####...
 Conjure Flame            Conj/Fire      #.......     100%        3    ####...
 Dazzling Spray           Conj/Hex       #.....       100%        3    ####...
 Mephitic Cloud           Conj/Pois/Air  #.......     100%        3    ####...
 Static Discharge         Conj/Air       #.......     100%        3    ####...
 Tukima's Dance           Hex            #.......     100%        3    ####...
 Airstrike                Air            #.........   100%        4    #####..
 Summon Lightning Spire   Summ/Air       #.......     100%        4    #####..
 Lightning Bolt           Conj/Air       #.........   100%        5    ######.
 Freezing Cloud           Conj/Ice/Air   #.........   100%        6    #######
 Orb of Destruction       Conj           #.........   100%        7    #######


Dungeon Overview and Level Annotations

Branches:
Dungeon (10/15)            Temple (0/1) D:6            Lair (2/6) D:10
  Swamp: Lair:2-4    Shoals: Lair:2-4     Snake: Lair:2-4    Spider: Lair:2-4
    Orc: D:9-12

Altars:
Cheibriados
Elyvilon
Gozag
Makhleb
Okawaru
Qazlal
Xom
The Shining One


Innate Abilities, Weirdness & Mutations

You have large cloven feet.
You are surrounded by a moderate repulsion field. (EV +3)
A weak demonic guardian rushes to your aid.
You sometimes gain power by taking damage.


Message History

You block the polar bear's attack.
The polar bear bites you but does no damage.
You block the polar bear's attack.
The polar bear claws you but does no damage.
Unknown command.
You feel much better. You block the polar bear's attack. x2
The polar bear claws you but does no damage.
The polar bear bites you!
* * * LOW HITPOINT WARNING * * *
The polar bear closely misses you.
The polar bear claws you but does no damage.
You gain the combat prowess of a mighty hero.
You block the polar bear's attack. x2
The polar bear claws you but does no damage.
You hit the polar bear but do no damage.
The polar bear is almost dead.
The polar bear barely misses you. You block the polar bear's attack.
The polar bear claws you but does no damage.
The polar bear bites you!
You die...

.# .# ..## #..#
#### #..# ##..##
..## #....## #†.#
##.....## #h##
#.......## #@.#
##........#
##.###........##
#..##.....#...###
##......##......#
##.....##.....).
##...###....##.
#..###....####
##.# #.....###
### #....##≈≈


You could see a polar bear (berserk).

Vanquished Creatures
  A frost giant (IceCv)
  2 hydras (Lair:1)
  2 ice statues (IceCv)
  2 spiny frogs (Lair:1)
  Maurice (D:9)
  A komodo dragon (Lair:1)
  5 polar bears (IceCv)
  Grinder (D:6)
  2 blink frogs (Lair:1)
  Sigmund (D:2)
  5 yaks (IceCv)
  Grum (D:9)
  2 wargs (D:10)
  A water moccasin (Lair:1)
  Duvessa (D:4)
  5 orc warriors
  A porcupine (Lair:1)
  4 sky beasts
  3 black bears
  An ice beast (D:10)
  5 ogres
  2 phantoms (D:5)
  8 wolves
  A crocodile (Lair:1)
  2 big kobolds
  2 bullfrogs
  Dowan (D:4)
  2 scorpions
  7 killer bees
  2 wights (D:7)
  2 howler monkeys
  A crimson imp (D:5)
  A quasit (D:10)
  A bullfrog zombie (D:7)
  A jelly (D:6)
  11 orc priests
  2 hounds
  A bullfrog skeleton (D:10)
  3 centaur skeletons
  3 iguanas
  Natasha (thrice) (D:3)
  10 orc wizards
  9 worker ants
  A killer bee zombie (D:6)
  A howler monkey zombie (D:10)
  4 gnolls (D:7)
  16 adders
  5 shadow imps
  An ooze (D:2)
  2 adder zombies
  An adder skeleton (D:5)
  3 worms
  4 dart slugs
  10 leopard geckos
  65 orcs
  6 giant cockroaches
  16 goblins
  11 hobgoblins
  10 jackals
  8 quokkas
  12 bats
  4 frilled lizards
  15 kobolds
  A leopard gecko zombie (D:6)
  A quokka skeleton (D:7)
  5 rats
  15 plants (D:10)
339 creatures vanquished.

Vanquished Creatures (collateral kills)
  Harold (D:9)
  A hydra (Lair:1)
  A spiny frog (Lair:1)
  2 gargoyles (D:10)
  2 rime drakes (Lair:2)
  A komodo dragon (Lair:1)
  A polar bear (IceCv)
  A blink frog (Lair:1)
  A wraith (D:10)
  A hungry ghost (D:8)
  2 water moccasins (Lair:1)
  A hornet zombie (D:5)
  A wolf (IceCv)
  2 centaurs
  2 crocodiles
  2 killer bees (D:8)
  2 wights (D:7)
  A crimson imp (D:10)
  2 orc priests (D:10)
  An iguana (D:6)
  A worker ant (D:7)
  An adder (D:6)
  An adder zombie (D:7)
  An orc (D:10)
32 creatures vanquished.

Vanquished Creatures (others)
  An orc wizard (D:7)
  A fungus (Lair:1)
2 creatures vanquished.

Grand Total: 373 creatures vanquished

Notes
Turn   | Place    | Note
-------+----------+-------------------------------------------
     0 | D:1      | DasRunzen the Demonspawn Fighter began the quest for the
                  | Orb.
     0 | D:1      | Reached XP level 1. HP: 18/18 MP: 1/1
    76 | D:1      | Gained mutation: You are surrounded by a mild repulsion
                  | field. (EV +2) [demonic ancestry]
    76 | D:1      | Reached XP level 2. HP: 19/24 MP: 2/2
   688 | D:2      | Reached XP level 3. HP: 28/29 MP: 3/3
   865 | D:2      | Reached XP level 4. HP: 5/35 MP: 4/4
  1237 | D:2      | Reached skill level 1 in Dodging
  1305 | D:2      | Noticed Sigmund
  1340 | D:2      | Killed Sigmund
  1340 | D:2      | Gained mutation: You are surrounded by a moderate repulsion
                  | field. (EV +3) [demonic ancestry]
  1340 | D:2      | Reached XP level 5. HP: 5/42 MP: 5/5
  1803 | D:2      | Reached XP level 6. HP: 47/48 MP: 6/6
  2256 | D:3      | Identified the Grimoire of Floating Attacks
  2635 | D:3      | Noticed Natasha
  2643 | D:3      | Killed Natasha
  2668 | D:3      | Noticed Natasha
  2684 | D:3      | Killed Natasha
  2701 | D:3      | Noticed Natasha
  2709 | D:3      | Killed Natasha
  2783 | D:3      | Found a faded altar of an unknown god.
  3076 | D:4      | Found an iron altar of Okawaru.
  3081 | D:4      | Became a worshipper of Warmaster Okawaru
  3090 | D:4      | Gained mutation: You have large cloven feet. [demonic
                  | ancestry]
  3090 | D:4      | Reached XP level 7. HP: 55/55 MP: 7/7
  3127 | D:4      | Noticed Dowan
  3129 | D:4      | Noticed Duvessa
  3141 | D:4      | Killed Dowan
  3153 | D:4      | Killed Duvessa
  3153 | D:4      | Reached skill level 1 in Invocations
  3732 | D:5      | Entered Level 5 of the Dungeon
  3739 | D:5      | Reached skill level 2 in Invocations
  3839 | D:5      | Reached skill level 5 in Fighting
  3894 | D:5      | Found the +9 scales of the Dragon King {rPois rF+ rC+ MR+}
  3934 | D:5      | Gained mutation: A weak demonic guardian rushes to your
                  | aid. [demonic ancestry]
  3934 | D:5      | Reached XP level 8. HP: 53/62 MP: 9/9
  3966 | D:5      | Reached * piety under Okawaru
  3998 | D:5      | Reached skill level 3 in Invocations
  4281 | D:5      | Found a white marble altar of Elyvilon.
  4683 | D:6      | Found a stormy altar of Qazlal.
  4770 | D:6      | Noticed Grinder
  4778 | D:6      | Killed Grinder
  4778 | D:6      | Reached ** piety under Okawaru
  4778 | D:6      | Reached skill level 5 in Shields
  4829 | D:6      | Reached skill level 5 in Armour
  4829 | D:6      | Reached skill level 4 in Invocations
  5029 | D:6      | Found a staircase to the Ecumenical Temple.
  5407 | D:7      | Gained mutation: You sometimes gain a little power by
                  | taking damage. [demonic ancestry]
  5407 | D:7      | Reached XP level 9. HP: 64/69 MP: 12/12
  5516 | D:7      | Reached skill level 5 in Axes
  5533 | D:7      | Reached skill level 5 in Invocations
  5587 | D:7      | Reached *** piety under Okawaru
  6146 | D:7      | Found an opulent altar of Gozag.
  6148 | D:7      | Found a shimmering altar of Xom.
  6722 | D:8      | Reached skill level 6 in Invocations
  6739 | D:8      | Reached skill level 5 in Dodging
  6944 | D:8      | Found a snail-covered altar of Cheibriados.
  6947 | D:8      | Found a burning altar of Makhleb.
  7098 | D:8      | Reached **** piety under Okawaru
  7329 | D:9      | Noticed Maurice
  7346 | D:9      | Killed Maurice
  7346 | D:9      | Reached XP level 10. HP: 77/77 MP: 14/14
  7421 | D:9      | Noticed Harold
  7438 | D:9      | Killed Harold
  7448 | D:9      | Noticed Grum
  7474 | D:9      | Reached skill level 7 in Invocations
  7491 | D:9      | Killed Grum
  8028 | D:9      | Found a glowing golden altar of the Shining One.
  8121 | D:9      | Reached ***** piety under Okawaru
  8277 | D:10     | Entered Level 10 of the Dungeon
  8677 | D:10     | Found a staircase to the Lair.
  9187 | D:10     | Noticed a gargoyle
  9200 | D:10     | Killed a gargoyle
  9232 | D:10     | Noticed a gargoyle
  9243 | D:10     | Killed a gargoyle
  9939 | Lair:1   | Entered Level 1 of the Lair of Beasts
  9949 | Lair:1   | Noticed a spiny frog
  9958 | Lair:1   | Killed a spiny frog
  9958 | Lair:1   | Reached skill level 8 in Invocations
 10046 | Lair:1   | Noticed an eight-headed hydra
 10058 | Lair:1   | Noticed a spiny frog
 10061 | Lair:1   | Killed an eight-headed hydra
 10061 | Lair:1   | Received a gift from Okawaru
 10061 | Lair:1   | Gained mutation: You sometimes gain power by taking damage.
                  | [demonic ancestry]
 10061 | Lair:1   | Reached XP level 11. HP: 13/86 MP: 14/17
 10486 | Lair:1   | Noticed a seven-headed hydra
 10510 | Lair:1   | Killed a seven-headed hydra
 11001 | Lair:1   | Noticed a six-headed hydra
 11019 | Lair:1   | Killed a six-headed hydra
 11398 | Lair:2   | Found a frozen archway.
 11405 | Lair:2   | Reached skill level 9 in Invocations
 11423 | IceCv    | Entered an ice cave
 12031 | IceCv    | Received a gift from Okawaru
 12164 | IceCv    | Noticed a frost giant
 12260 | IceCv    | Killed a frost giant
 12511 | IceCv    | Reached XP level 12. HP: 46/94 MP: 19/19
 12543 | IceCv    | HP: 4/94 [polar bear (6)]
 12546 | IceCv    | Slain by a polar bear

Levels and vault maps discovered:
D:1:      sevenhm_arrival_forest_fort_small_4, layout_loops_ring
D:2:      layout_basic, first_ration, guppyfry_early_orc_mine, uniq_sigmund
D:3:      minmay_octagon_keep, layout_loops_ring,
          chequers_ecumenical_altar_simple, minivault_23, uniq_natasha
D:4:      layout_cave_pools, okawaru_trees_2, uniq_duvessa
D:5:      layout_cave_pods, nicolae_overflow_crystal_walls,
          hangedman_decor_diamond_cutter, kennysheep_generic_room_7
D:6:      layout_cave_pods, grunt_qazlal_clouds, temple_doors_e, uniq_grinder
D:7:      layout_loops_ring, gammafunk_temple_overflow_pools, st_stairs_3,
          kennysheep_generic_room_6
D:8:      layout_loops_corners, chequers_temple_overflow_statue_of_worship
D:9:      layout_irregular_city, kennysheep_mini_moat, blue_anna_alchemist
          [blue_anna_fruit_fields, blue_anna_fruit_fields], uniq_harold,
          uniq_maurice, uniq_grum
D:10:     wad_woods_structure_01, layout_basic, erik_lair_orcish_takeover
Lair:1:   layout_loops_ring, st_stairs_4
Lair:2:   minmay_guarded_unrand_snakebite, layout_long_grid,
          portal_ice_cave_rime
IceCv:    ice_cave_small_giant

Skill      XL: |  1  2  3  4  5  6  7  8  9 10 11 |
---------------+----------------------------------+-----
Axes           | 2 3 4 5 6 7 |  7.8
Armour         | 3 4 5 6 7 8 |  8.0
Shields        | 3 4 5 6 7 8 |  8.2
Dodging        | 1 2 3 4 5 6 7 |  7.3
Fighting       | 4 5 6 7 8 |  8.9
Invocations    | 2 4 6 8 9 |  9.7

Action                   |  1- 3 |  4- 6 |  7- 9 | 10-12 || total
-------------------------+-------+-------+-------+-------++-------
Melee: War axe           |   114 |   244 |   493 |   640 ||  1491
       Kick              |       |       |   104 |       ||   104
       Trident           |       |       |       |    37 ||    37
       Broad axe         |       |       |       |    89 ||    89
Invok: Heroism           |       |       |       |     4 ||     4
Evoke: Wand              |       |     4 |       |     5 ||     9
  Use: Scroll            |     4 |     7 |    14 |     5 ||    30
       Potion            |       |       |       |     2 ||     2
 Stab: Distracted        |       |       |     2 |     7 ||     9
  Eat: Chunk             |       |     8 |    10 |    11 ||    29
       Ration            |       |       |     2 |     2 ||     4
Armor: Scale mail        |    46 |     4 |       |       ||    50
       Acid dragon scale |       |    66 |    35 |       ||   101
       Gold dragon scale |       |       |   233 |   505 ||   738
Dodge: Dodged            |    43 |   178 |   125 |   222 ||   568
Block: Shield            |    51 |   148 |   332 |   644 ||  1175

Table legend:
 A = Non-vault XP
 B = Vault XP
 C = Vault XP percentage of total XP
 D = Non-vault monster count
 E = Vault monster count
 F = Vault count percentage of total count
                 A         B        C        D         E       F
            +---------+---------+-------+---------+---------+-------
      Total |   12049 |   10610 |  46.8 |     284 |      73 |  20.4
            +---------+---------+-------+---------+---------+-------
        D:1 |      34 |       0 |   0.0 |      20 |       0 |   0.0
        D:2 |     137 |     237 |  63.4 |      31 |       8 |  20.5
        D:3 |     143 |      81 |  36.2 |      29 |      13 |  31.0
        D:4 |     270 |     209 |  43.6 |      17 |       2 |  10.5
        D:5 |     673 |       3 |   0.4 |      22 |       1 |   4.3
        D:6 |     728 |     207 |  22.1 |      27 |       1 |   3.6
        D:7 |    1190 |      27 |   2.2 |      48 |       2 |   4.0
        D:8 |    1228 |       0 |   0.0 |      24 |       0 |   0.0
        D:9 |     948 |    1622 |  63.1 |      27 |       6 |  18.2
       D:10 |     711 |    1575 |  68.9 |      21 |      16 |  43.2
     Lair:1 |    5987 |      76 |   1.3 |      18 |       1 |   5.3
     Lair:2 |       0 |     617 | 100.0 |       0 |       2 | 100.0
      IceCv |       0 |    5956 | 100.0 |       0 |      21 | 100.0
            +---------+---------+-------+---------+---------+-------
